 Dungeon Crawl Stone Soup version 0.25.0-10-g039870ee82 (webtiles) character file.

Game seed: 4318685363454954554

25 Lavandula the Bolt Thrower (level 3, -6/31 HPs)
             Began as a Naga Arcane Marksman on June 23, 2020.
             Mangled by Sigmund
             ... wielding a +0 scythe
              (8 damage)
             ... on level 2 of the Dungeon.
             The game lasted 00:01:46 (341 turns).

Lavandula the Bolt Thrower (Naga Arcane Marksman)    Turns: 341, Time: 00:01:46

Health: -6/31      AC:  2    Str: 12    XL:     3   Next: 4%
Magic:  4/4        EV: 10    Int: 13    God:
Gold:   13         SH:  0    Dex: 12    Spells: 3/4 levels left

rFire    . . .     SeeInvis +   a - +0 hand crossbow
rCold    . . .     Gourm    .   (no shield)
rNeg     . . .     Faith    .   e - +0 robe
rPois    +         Spirit   .   (no helmet)
rElec    .         Reflect  .   (no cloak)
rCorr    .         Harm     .   (no gloves)
MR       .....                  (no barding)
Stlth    +.........             (no amulet)
HPRegen  0.10/turn              (no ring)
MPRegen  0.09/turn              (no ring)

@: short of breath, very slow
A: large, see invisible, deformed body, poison resistance, slowness 2, slow
metabolism 1, spit poison 1, AC +1
a: Spit Poison


You were on level 2 of the Dungeon.
You were not hungry.

You visited 1 branch of the dungeon, and saw 3 of its levels.

You collected 13 gold pieces.

Inventory:

Hand Weapons
 a - a +0 hand crossbow (weapon)
Missiles
 d - 3 bolts (quivered)
Armour
 e - a +0 robe (worn)
Scrolls
 c - a scroll of random uselessness
Comestibles
 f - a ration


   Skills:
 - Level 1.0 Fighting
 + Level 3.1 Crossbows
 - Level 1.5 Dodging
 - Level 1.0 Spellcasting
 - Level 3.0 Hexes


You had 3 spell levels left.
You knew the following spells:

 Your Spells              Type           Power        Failure   Level  Hunger
a - Corona                Hex            #......      9%          1    ##.....

Your spell library contained the following spells:

 Spells                   Type           Power        Failure   Level  Hunger
 Slow                     Hex            #.......     12%         2    ###....
 Inner Flame              Hex/Fire       #.......     41%         3    ####...
 Portal Projectile        Hex/Tloc       #.....       41%         3    ####...
 Cause Fear               Hex            #.........   63%         4    #####..
 Leda's Liquefaction      Hex/Erth       #.........   83%         4    #####..


Dungeon Overview and Level Annotations

Branches:
Dungeon (3/15)

Altars:
Kikubaaqudgha

Annotations:
D:2 Sigmund


Innate Abilities, Weirdness & Mutations

You cannot wear boots.
Your serpentine skin is tough. (AC +1)
You have supernaturally acute eyesight. (SInv)
Armour fits poorly on your strangely shaped body.
Your system is resistant to poisons. (rPois)
You cover ground very slowly.
You have a slow metabolism.
You can spit poison.


Message History

The splash of poison misses Sigmund.
You feel slightly more hungry. Sigmund casts a spell at you.
You resist with some effort.
You aren't carrying any items that you can evoke.
Unknown command.
Fire/throw which item? (* to show all) (? for menu, Esc to quit)
Okay, then.
Okay, then.
Unknown command.
Firing (i - inventory)
d - 5 bolts (quivered)
Press: ? - help, Shift-Dir - straight line, f/p - Sigmund
Aim: Sigmund, wielding a +0 scythe and wearing a +0 robe (lightly wounded)
You shoot a bolt. The bolt barely misses Sigmund.
Sigmund closely misses you.
Firing (i - inventory)
d - 4 bolts (quivered)
Press: ? - help, Shift-Dir - straight line, f/p - Sigmund
Aim: Sigmund, wielding a +0 scythe and wearing a +0 robe (lightly wounded)
You shoot a bolt. The bolt hits Sigmund.
Sigmund is lightly wounded.
Sigmund hits you from afar with a +0 scythe!
You die...

#.# #.....♣...♣
.♣...♣..# ####.#
#....♣.♣.♣.♣.♣.♣.♣.♣.#
.....#
#.......♣...♣...♣....#
######
#.###♣.♣.♣.♣.♣.♣.♣.♣.#
.# #.#
#.♣...♣...♣...♣..# .#
#.# ♣.♣.♣.♣.♣.♣.♣.♣.#
.# #.#
..♣...♣...♣....# .###
#. ♣.♣.♣.♣.♣.♣.♣.♣.#
...# ♣@.@♣...♣...♣..#
.#.# ♣.♣.♣.♣.♣.♣.♣.♣##
##.# ..♣...♣...♣...#
..(# ♣.♣.♣.♣.♣.♣.♣.♣#
#### #.♣...♣...♣...♣.#
##.♣.♣.♣.♣.♣.♣.##
###############


You could see Sigmund.

Vanquished Creatures
  A gnoll (D:2)
  A bat (D:2)
  2 goblins (D:2)
  2 hobgoblins
  4 jackals (D:1)
  A frilled lizard (D:2)
  2 rats (D:2)
13 creatures vanquished.

Notes
Turn   | Place    | Note
-------+----------+-------------------------------------------
     0 | D:1      | Lavandula the Naga Arcane Marksman began the quest for the
                  | Orb.
     0 | D:1      | Reached XP level 1. HP: 18/18 MP: 2/2
    97 | D:1      | Reached XP level 2. HP: 24/25 MP: 3/3
   263 | D:2      | Found an ancient bone altar of Kikubaaqudgha.
   304 | D:2      | Reached XP level 3. HP: 13/31 MP: 4/4
   332 | D:2      | Noticed Sigmund
   337 | D:2      | HP: 1/31 [Sigmund/+0 scythe (4)]
   341 | D:2      | Mangled by Sigmund

Illustrated notes

Levels and vault maps discovered:
D:1:      minmay_arrival_nine_rooms, layout_basic, minmay_tiny_reverse_x
D:2:      cheibrodos_greedy_goblins, layout_basic, kiku_gazebo_garden_becter,
          kennysheep_crisscross, uniq_sigmund
D:3:      layout_loops_ring, first_ration, fedhas_altar_2

Skill      XL: |  1  2 |
---------------+-------+-----
Crossbows      | 2 3 |  3.1
Fighting       | |  1.0
Dodging        | |  1.5
Spellcasting   | |  1.0
Hexes          | |  3.0

Action                   || total
-------------------------++-------
 Fire: Hand crossbow     ||    40
 Abil: Spit Poison       ||    11
  Use: Scroll            ||     1
Armor: Robe              ||     3
Dodge: Dodged            ||    20
